 Dungeon Crawl Stone Soup version 0.19-a0-1670-gc28a5d9 (webtiles) character file.

213018 Amnesiac the Peltast (level 19, -3/120 HPs)
             Began as a Halfling Berserker on Sept 21, 2016.
             Was the Champion of Trog.
             Slain by a water elemental (14 damage)
             ... summoned by Ilsuiw
             ... on level 4 of the Shoals on Sept 22, 2016.
             The game lasted 01:21:45 (28323 turns).

Amnesiac the Peltast (Halfling Berserker)          Turns: 28323, Time: 01:21:46

Health: -3/120     AC: 25    Str: 15    XL:     19   Next: 12%
Magic:  19/19      EV: 25    Int:  5    God:    Trog [******]
Gold:   1533       SH: 17    Dex: 24    Spells: 0 memorised, 18 levels left

rFire  + . .     SeeInvis +     V - +5 demon blade (elec)
rCold  + + .     Gourm    .     H - +0 ice dragon armour
rNeg   + + +     Faith    .     U - +0 shield
rPois  .         Spirit   .     t - +1 helmet of the Pit {rF+ rN++ Regen+ Str-3}
rElec  .         Dismiss  .     L - +0 cloak
rCorr  .         Reflect  .     K - +1 pair of gloves
MR     ++...     Harm     .     r - +1 pair of boots
Stlth  ..........               D - amulet of regeneration
                                n - ring of see invisible
                                y - ring of Ifiolidoh {+Fly rN+ MR+}

@: flying (expiring), mesmerised, very slightly contaminated, invisible
A: agile 2, fire resistance 1, mutation resistance 1, sense surroundings 1, weak
1
a: Berserk, Trog's Hand, Brothers in Arms, Burn Spellbooks, Renounce Religion,
Stop Flying
}: 2/15 runes: serpentine, barnacled


You were on level 4 of the Shoals.
You worshipped Trog.
Trog was exalted by your worship.
You were very hungry.

You visited 5 branches of the dungeon, and saw 27 of its levels.
You visited the Abyss 1 time.
You also visited: Ice Cave.

You collected 2517 gold pieces.
You spent 984 gold pieces at shops.

Inventory:

Hand Weapons
 q - a +4 blowgun
 R - the +3 demon blade of Disorder {drain, MR++ Str+2 Int-4}
   (Trog gifted it to you on level 1 of the Lair of Beasts)

   A truly terrible weapon, it drains the life of those it strikes.
   It affects your strength (+2).
   It affects your intelligence (-4).
   It affects your resistance to hostile enchantments.
 V - a +5 demon blade of electrocution (weapon)
Missiles
 o - 9 steel tomahawks
 p - 4 tomahawks of returning
 u - 6 needles of frenzy
 A - 8 needles of confusion
 E - 2 needles of sleeping
 G - 8 poisoned tomahawks
 J - 61 tomahawks
 O - 5 throwing nets (quivered)
 Z - 18 curare-tipped needles
Armour
 r - a +1 pair of boots (worn)
 t - the +1 helmet of the Pit (worn) {rF+ rN++ Regen+ Str-3}
   (You found it on level 6 of the Lair of Beasts)

   It affects your strength (-3).
   It protects you from fire.
   It greatly protects you from negative energy.
   It increases your rate of regeneration.
 H - a +0 ice dragon armour (worn)
 K - a +1 pair of gloves (worn)
 L - a +0 cloak (worn)
 U - a +0 shield (worn)
Jewellery
 e - the amulet "Rix Dyub" {Dismiss rPois rC+ rN+++ Dex-4}
   (You found it on level 10 of the Dungeon)

   [amulet of dismissal]

   It may teleport away creatures that harm you.
   It affects your dexterity (-4).
   It protects you from cold.
   It protects you from poison.
   It renders you almost immune to negative energy.
 h - an uncursed ring of poison resistance
 l - the ring of Biagek {rCorr rF+}
   (You found it on level 4 of the Shoals)

   [ring of resist corrosion]

   It protects you from fire.
 n - a ring of see invisible (right hand)
 y - the ring of Ifiolidoh (left hand) {+Fly rN+ MR+}
   (You found it on level 4 of the Lair of Beasts)

   [ring of flight]

   It protects you from negative energy.
   It affects your resistance to hostile enchantments.
   It lets you fly.
 D - an amulet of regeneration (around neck)
 I - an uncursed ring of positive energy
 M - an uncursed ring of protection from magic
 P - an uncursed ring of flight
Wands
 z - a wand of teleportation (8/9)
Scrolls
 a - 2 scrolls of fear
 d - a scroll of magic mapping
 g - 10 scrolls of remove curse
 k - 2 scrolls of teleportation
 w - a scroll of summoning
 B - 8 scrolls of recharging
 C - 2 scrolls of fog
Potions
 b - 2 potions of cancellation
 i - a potion of cure mutation
 s - 3 potions of curing
 v - a potion of magic
 x - a potion of haste
 F - 5 potions of might
 Q - 2 potions of berserk rage
 W - a potion of agility
Books
 X - a book of Unlife

   Spells                             Type                      Level
   a - Recall                         Summoning/Translocation      3
   b - Animate Dead                   Necromancy                   4
   c - Control Undead                 Necromancy                   4
   d - Cigotuvi's Embrace             Necromancy                   5
   e - Death Channel                  Necromancy                   6
   f - Simulacrum                     Ice/Necromancy               6
   Trog disapproves of the use of such an item.
Comestibles
 c - 17 bread rations
 f - 11 meat rations
 m - 4 beef jerkies
 S - 6 chunks of flesh
 T - 43 fruits
 Y - 2 royal jellies


   Skills:
 - Level 8.0 Fighting
 - Level 14.0 Long Blades
 - Level 16.0 Armour
 - Level 16.0 Dodging
 + Level 19.8 Shields


You had 18 spell levels left.
You didn't know any spells.

Dungeon Overview and Level Annotations

Branches:
Dungeon (11/15)            Temple (0/1) D:5            Lair (6/6) D:11
 Shoals (4/4) Lair:3        Snake (4/4) Lair:3        Slime (0/5) Lair:6
    Orc (2/2) D:11            Elf (0/3) Orc:2

Altars:
Cheibriados
Dithmenos
Gozag
Kikubaaqudgha
Makhleb
Nemelex Xobeh
Ru
Sif Muna
Trog
Vehumet
Xom
Yredelemnul
Zin
Beogh
Jiyva

Shops:
D:6 *   D:8 :   Orc:1 !   Orc:2 *[=((   Shoals:3 [   Snake:1 [   Snake:2 !

Annotations:
Shoals:4 Ilsuiw


Innate Abilities, Weirdness & Mutations

You are small and have problems with some larger weapons.
You are somewhat resistant to further mutation.
You are very agile. (Dex +4)
Your flesh is heat resistant. (rF+)
You passively map a small area around you.
You are weak. (Str -2)


Message History

The wind drake bites your stone giant!
Your stone giant hits the wind drake!
You are very lightly contaminated with residual magic.
Unknown command.
Unknown command.
Unknown command.
With effort, you pull free of the water engulfing you.
You gasp with relief as air once again reaches your lungs.
You are starting to lose your buoyancy.
Your stone giant barely misses the wind drake.
The wind drake barely misses your stone giant.
You block the water elemental's attack.
Your stone giant hits the wind drake!!!
The wind drake dies!
Trog accepts your kill. The water elemental closely misses you.
You riposte.
You hit the water elemental.
The water elemental is heavily damaged.
You feel better.
The water elemental disappears in a puff of smoke!
Ilsuiw hits you but does no damage. The water elemental hits you!
You die...

≈≈≈≈≈≈≈≈≈.####........))#
≈≈≈≈≈≈≈≈≈≈≈.####.....<..(#.
≈≈≈≈≈≈≈≈≈≈≈≈≈≈...........##.
≈≈≈≈≈≈≈≈≈≈≈≈≈≈≈...........##.
#≈≈≈≈≈≈≈≈≈≈≈≈≈≈≈............##
#≈≈≈≈≈≈≈≈≈≈≈≈≈≈≈≈..≈≈[≈....###
#≈≈≈≈≈≈≈≈≈≈≈≈C≈≈≈≈≈≈≈≈[≈...##.
#≈≈≈≈≈≈≈≈≈≈m≈†§≈≈≈≈≈≈())≈..###
#≈≈≈≈≈≈≈≈≈≈≈m@E≈≈≈≈≈≈≈<≈≈≈.≈≈#
#≈≈≈≈≈≈≈≈≈##≈#≈##≈≈≈≈≈≈≈≈≈≈≈≈#
#≈≈≈≈≈≈≈≈≈#######≈≈≈≈≈≈≈≈≈≈≈≈≈
#≈≈≈≈≈≈≈##≈≈≈# ≈≈##≈≈≈≈≈≈≈≈≈≈.
#≈≈≈≈≈≈≈##≈≈≈≈≈≈≈ #≈≈≈≈≈≈≈≈≈..
#≈≈≈≈≈≈≈≈##k#≈#≈# ≈≈≈≈≈≈≈≈≈≈≈≈
#≈≈≈≈≈≈≈## ≈≈ ≈≈ #..≈≈≈≈≈≈≈≈≈≈
#≈≈≈≈≈≈≈# *≈#≈#≈ ##.≈≈≈≈≈≈≈≈≈≈
#≈≈≈≈≈≈≈## ≈≈≈≈≈ #≈ ≈≈≈≈≈≈


You could see Ilsuiw (invisible), a water elemental, a siren and a friendly
stone giant (berserk).

Vanquished Creatures
  Mara (Snake:3)
  Saint Roka (Orc:2)
  Vashnia (Snake:4)
  5 greater nagas
  A frost giant (Shoals:4)
  Louise (Shoals:4)
  The ghost of Xiguana the Fighter, a journeyman DsCK of Xom (Lair:6)
  2 very ugly things (IceCv)
  Nessos (Lair:4)
  Azrael (Snake:1)
  4 merfolk javelineers (Shoals:4)
  An ettin (Orc:1)
  Josephine (Lair:4)
  An ice dragon (Snake:2)
  9 merfolk impalers (Shoals:4)
  6 hydras
  10 naga warriors
  2 alligator snapping turtles (Shoals:4)
  3 catoblepae (Lair:6)
  A merfolk avatar (Shoals:4)
  12 anacondas
  8 death yaks (Lair:6)
  4 satyrs
  4 merfolk aquamancers
  11 naga sharpshooters
  An orc high priest (Orc:2)
  Sonja (Lair:1)
  5 shock serpents
  Nergalle (Lair:4)
  4 salamander mystics
  The ghost of st0uf the Transmogrifier, a novice DrTm of Okawaru (D:8)
  7 sea snakes
  Pikel (D:5)
  5 wizards (D:10)
  5 naga ritualists (Snake:4)
  3 orc knights (Orc:2)
  12 mana vipers
  2 hill giants
  11 fauns
  3 orc sorcerers (Orc:2)
  10 harpies
  8 salamanders
  8 manticores
  9 sirens
  3 cyclopes
  3 elephants (Lair:4)
  5 ice statues (IceCv)
  4 guardian serpents
  4 water nymphs
  2 torpor snails
  35 black mambas
  12 naga magi
  6 spiny frogs
  2 rime drakes (Lair:6)
  3 anaconda simulacra (IceCv)
  6 komodo dragons
  4 trolls (Orc:2)
  3 wind drakes (Shoals:4)
  Prince Ribbit (D:7)
  23 merfolk
  15 hippogriffs
  26 blink frogs
  12 dream sheep
  3 snapping turtles
  3 wyverns
  2 dire elephant simulacra (IceCv)
  6 water elementals
  Eustachio (D:4)
  2 fire elementals (Lair:3)
  A basilisk (Lair:3)
  50 yaks
  A hungry ghost (D:7)
  4 wraiths
  Edmund (D:4)
  39 nagas
  A harpy simulacrum (IceCv)
  9 porcupines
  2 hydra simulacra (IceCv)
  2 wargs
  20 water moccasins
  Duvessa (D:7)
  3 slaves (D:5)
  3 hell hounds
  28 orc warriors
  A black bear (D:7)
  8 ice beasts
  3 phantoms
  2 sky beasts
  4 boggarts (D:10)
  A swamp drake (D:11)
  A necrophage (D:7)
  17 ogres
  10 wolves
  An ettin simulacrum (IceCv)
  11 centaurs
  14 crocodiles
  17 bullfrogs
  A gnoll sergeant (D:8)
  3 scorpions
  Dowan (D:7)
  3 killer bees (D:11)
  2 howler monkeys (D:8)
  11 wights
  2 electric eels
  3 crimson imps
  A bullfrog zombie (D:7)
  4 human zombies (D:7)
  2 quasits
  7 hounds
  19 orc priests
  A gnoll shaman (D:4)
  3 bullfrog skeletons
  A jelly (D:7)
  19 orc wizards
  9 iguanas
  2 human skeletons (D:7)
  6 worker ants
  A killer bee zombie (D:9)
  2 hound zombies
  A hound skeleton (D:6)
  2 mummies (D:7)
  Robin (D:2)
  17 gnolls
  2 howler monkey skeletons
  5 adders
  38 river rats
  A shadow imp (D:8)
  2 oozes (D:1)
  A worm (D:3)
  4 dart slugs
  8 leopard geckos
  79 orcs
  3 ball pythons
  12 bats
  10 giant cockroaches
  14 goblins
  13 hobgoblins
  17 jackals
  8 quokkas
  3 frilled lizards
  A jackal zombie (D:5)
  9 kobolds
  A leopard gecko zombie (D:6)
  2 orc zombies (D:7)
  16 rats
  A butterfly (Lair:5)
1004 creatures vanquished.

Vanquished Creatures (collateral kills)
  A wind drake (Shoals:4)
1 creature vanquished.

Vanquished Creatures (others)
  9 fungi
  17 plants
26 creatures vanquished.

Grand Total: 1031 creatures vanquished

Notes
Turn   | Place    | Note
-------+----------+-------------------------------------------
     0 | D:1      | Amnesiac the Halfling Berserker began the quest for the Orb.
     0 | D:1      | Reached XP level 1. HP: 15/15 MP: 1/1
    82 | D:1      | Reached XP level 2. HP: 7/20 MP: 2/2
   553 | D:1      | Reached XP level 3. HP: 26/26 MP: 3/3
   731 | D:1      | Reached ** piety under Trog
   851 | D:2      | Reached XP level 4. HP: 27/31 MP: 4/4
   883 | D:2      | Found a bloodstained altar of Trog.
  1064 | D:2      | Found a burning altar of Makhleb.
  1069 | D:2      | Noticed Robin
  1089 | D:2      | Reached XP level 5. HP: 32/36 MP: 5/5
  1108 | D:2      | Killed Robin
  1638 | D:2      | Reached *** piety under Trog
  2183 | D:3      | Found a snail-covered altar of Cheibriados.
  2278 | D:3      | Found a deep blue altar of Sif Muna.
  2278 | D:3      | Found a sparkling altar of Nemelex Xobeh.
  2483 | D:4      | Found a shimmering altar of Xom.
  2612 | D:4      | Reached XP level 6. HP: 37/43 MP: 6/6
  2675 | D:4      | Noticed a sky beast
  2700 | D:4      | Killed a sky beast
  2851 | D:4      | Reached skill level 5 in Long Blades
  2941 | D:4      | Reached XP level 7. HP: 15/47 MP: 7/7
  3173 | D:4      | Found an ancient bone altar of Kikubaaqudgha.
  3492 | D:5      | Entered Level 5 of the Dungeon
  3499 | D:5      | Noticed Eustachio
  3522 | D:5      | Noticed Edmund
  3769 | D:4      | Killed Edmund
  3769 | D:4      | Reached **** piety under Trog
  3822 | D:4      | Killed Eustachio
  4047 | D:5      | Reached XP level 8. HP: 47/54 MP: 8/8
  4419 | D:5      | Reached skill level 5 in Armour
  4645 | D:5      | Found a staircase to the Ecumenical Temple.
  4733 | D:5      | Noticed Pikel
  4749 | D:5      | Killed Pikel
  4749 | D:5      | Reached skill level 5 in Shields
  4749 | D:5      | Reached XP level 9. HP: 60/60 MP: 9/9
  4983 | D:6      | Reached skill level 5 in Dodging
  5174 | D:6      | Found Nagi's General Store.
  5205 | D:6      | Bought a +1 pair of gloves for 138 gold pieces
  5205 | D:6      | Bought a +0 cloak for 54 gold pieces
  5815 | D:6      | Reached skill level 5 in Fighting
  5828 | D:6      | Reached ***** piety under Trog
  6060 | D:7      | Noticed Dowan
  6062 | D:7      | Noticed Duvessa
  6088 | D:7      | Killed Dowan
  6092 | D:7      | Killed Duvessa
  6165 | D:7      | Reached XP level 10. HP: 60/66 MP: 10/10
  6233 | D:7      | Found a shadowy altar of Dithmenos.
  6253 | D:7      | Noticed Prince Ribbit
  6268 | D:7      | Killed Prince Ribbit
  6339 | D:7      | Found a radiant altar of Vehumet.
  6539 | D:7      | Found a glowing silver altar of Zin.
  6540 | D:7      | Found an opulent altar of Gozag.
  6768 | D:7      | Found a basalt altar of Yredelemnul.
  6814 | D:7      | Reached skill level 10 in Long Blades
  6939 | D:8      | Noticed st0uf's ghost (novice DrTm)
  7037 | D:8      | Killed st0uf's ghost
  7115 | D:8      | Found Sajacoth's Book Shop.
  8101 | D:8      | Reached XP level 11. HP: 62/71 MP: 11/11
  8730 | D:9      | Received a gift from Trog
  8764 | D:9      | Found a sacrificial altar of Ru.
  9093 | D:10     | Entered Level 10 of the Dungeon
  9501 | D:10     | Noticed a wizard
  9512 | D:10     | Killed a wizard
  9574 | D:10     | Noticed a wizard
  9582 | D:10     | Noticed a wizard
  9590 | D:10     | Killed a wizard
  9598 | D:10     | Killed a wizard
  9661 | D:10     | Noticed a wizard
  9671 | D:10     | Paralysed by a wizard for 2 turns
  9676 | D:10     | Killed a wizard
  9680 | D:10     | Noticed a hill giant
  9682 | D:10     | Noticed a hill giant
  9707 | D:10     | Got a smoking graven amulet
  9713 | D:10     | Noticed a wizard
  9725 | D:10     | Killed a wizard
  9752 | D:10     | Noticed a hill giant
  9901 | D:10     | Killed a hill giant
 10374 | D:11     | Found a staircase to the Lair.
 10586 | D:11     | Noticed a hill giant
 10600 | D:11     | Killed a hill giant
 10600 | D:11     | Reached XP level 12. HP: 80/80 MP: 12/12
 10886 | D:11     | Found a roughly hewn altar of Beogh.
 10891 | D:11     | Received a gift from Trog
 10953 | D:11     | Found a staircase to the Orcish Mines.
 11358 | Lair:1   | Entered Level 1 of the Lair of Beasts
 11956 | Lair:1   | Received a gift from Trog
 11960 | Lair:1   | Got a steaming demon blade {god gift}
 11961 | Lair:1   | Identified the +3 demon blade of Disorder {drain, MR++ Str+2 Int-4} (Trog gifted it to you on level 1 of the Lair of Beasts)
 12128 | Lair:1   | Noticed Sonja
 12138 | Lair:1   | Cast into level 1 of the Abyss (Sonja)
 12138 | Abyss:1  | Found a corrupted altar of Lugonu.
 12184 | Abyss:1  | Noticed a flayed ghost
 12192 | Lair:1   | Escaped the Abyss
 12240 | Lair:1   | Killed Sonja
 12339 | Lair:1   | Reached XP level 13. HP: 67/88 MP: 13/13
 12585 | Lair:2   | Identified the amulet "Rix Dyub" {Dismiss rPois rC+ rN+++ Dex-4} (You found it on level 10 of the Dungeon)
 12763 | Lair:2   | Lost intelligence.
 12844 | Lair:2   | Reached skill level 10 in Armour
 12903 | Lair:2   | Reached skill level 10 in Dodging
 13270 | Lair:3   | Found a staircase to the Shoals.
 13748 | Lair:3   | Noticed a five-headed hydra
 13927 | Lair:3   | Found a staircase to the Snake Pit.
 14079 | Lair:4   | Noticed Nessos
 14089 | Lair:4   | Noticed a six-headed hydra
 14193 | Lair:4   | Got a bound brass ring
 14195 | Lair:4   | Identified the ring of Ifiolidoh {+Fly rN+ MR+} (You found it on level 4 of the Lair of Beasts)
 14222 | Lair:4   | Noticed an eight-headed hydra
 14252 | Lair:3   | Killed an eight-headed hydra
 14901 | Lair:3   | Killed a seven-headed hydra
 15028 | Lair:4   | Killed Nessos
 15043 | Lair:4   | Killed a six-headed hydra
 15240 | Lair:4   | Received a gift from Trog
 15359 | Lair:4   | Noticed Nergalle
 15365 | Lair:4   | Killed Nergalle
 15773 | Lair:4   | Noticed Josephine
 15807 | Lair:4   | Killed Josephine
 15807 | Lair:4   | Reached XP level 14. HP: 94/94 MP: 14/14
 16536 | Lair:5   | Reached ****** piety under Trog
 17183 | Lair:6   | Entered Level 6 of the Lair of Beasts
 17183 | Lair:6   | Found a staircase to the Slime Pits.
 17183 | Lair:6   | Found a viscous altar of Jiyva.
 17330 | Lair:6   | Received a gift from Trog
 17358 | Lair:6   | Noticed Xiguana's ghost (journeyman DsCK)
 17568 | Lair:6   | Killed Xiguana's ghost
 17680 | Lair:6   | Got a bloodstained helmet
 17691 | Lair:6   | Identified the +1 helmet of the Pit {rF+ rN++ Regen+ Str-3} (You found it on level 6 of the Lair of Beasts)
 17992 | Lair:6   | Got a twisted scale mail
 18003 | Lair:6   | Identified the +2 scale mail of the New World {rN+ Dex+5 Slay-5} (You found it on level 6 of the Lair of Beasts)
 18158 | Lair:6   | Reached XP level 15. HP: 99/99 MP: 15/15
 18903 | Orc:1    | Entered Level 1 of the Orcish Mines
 18913 | Orc:1    | Received a gift from Trog
 18978 | Orc:1    | Found Ziria's Distillery.
 19321 | Orc:2    | Entered Level 2 of the Orcish Mines
 19546 | Orc:2    | Noticed Saint Roka
 19602 | Orc:2    | Killed Saint Roka
 19602 | Orc:2    | Reached skill level 15 in Armour
 19602 | Orc:2    | Reached skill level 15 in Dodging
 19696 | Orc:2    | Received a gift from Trog
 19702 | Orc:2    | Found a roughly hewn altar of Beogh.
 19818 | Orc:2    | Found Cauh's Jewellery Shop.
 19863 | Orc:2    | Found Juovvebb's Antique Armour Shop.
 19953 | Orc:2    | Found Noazommo's Antique Weapon Shop.
 20037 | Orc:2    | Bought a runed blowgun for 72 gold pieces
 20166 | Orc:2    | Received a gift from Trog
 20235 | Orc:2    | Found Pemeoh's General Store.
 20258 | Orc:2    | Found Fiotsos's Antique Weapon Shop.
 20379 | Orc:2    | Found a staircase to the Elven Halls.
 20817 | Snake:1  | Entered Level 1 of the Snake Pit
 20817 | Snake:1  | Noticed Azrael
 20863 | Snake:1  | Killed Azrael
 21118 | Snake:1  | Found Receahol's Armour Emporium.
 21430 | Snake:2  | Found Plog's Distillery.
 21440 | Snake:2  | Reached XP level 16. HP: 89/105 MP: 16/16
 21465 | Snake:2  | Found a frozen archway.
 21510 | IceCv    | Entered an ice cave
 21581 | IceCv    | Reached skill level 6 in Shields
 21613 | IceCv    | Gained mutation: You are agile. (Dex +2) [mutagenic meat]
 21753 | IceCv    | Reached skill level 7 in Shields
 21970 | Snake:2  | Bought a potion of mutation for 45 gold pieces
 21970 | Snake:2  | Bought a potion of mutation for 45 gold pieces
 21970 | Snake:2  | Gained mutation: You are frail. (-10% HP) [potion of mutation]
 21971 | Snake:2  | Gained mutation: You are very agile. (Dex +4) [potion of mutation]
 21972 | Snake:2  | Bought a potion of beneficial mutation for 630 gold pieces
 21972 | Snake:2  | Gained mutation: Your flesh is heat resistant. (rF+) [potion of beneficial mutation]
 22022 | Snake:2  | Received a gift from Trog
 22028 | Snake:2  | Reached skill level 8 in Shields
 22239 | Snake:2  | Reached skill level 9 in Shields
 22452 | Snake:2  | Reached skill level 10 in Shields
 22534 | Snake:2  | Gained mutation: You passively map a small area around you. [mutagenic meat]
 22537 | Snake:2  | Gained mutation: Scrolls take you a little longer to read. [mutagenic meat]
 22724 | Snake:3  | Reached skill level 11 in Shields
 22873 | Snake:3  | Noticed a greater naga
 22893 | Snake:3  | Killed a greater naga
 22995 | Snake:3  | Noticed Mara
 22999 | Snake:3  | Noticed Amnesiac's illusion
 23153 | Snake:3  | Killed Mara
 23153 | Snake:3  | Reached skill level 12 in Shields
 23240 | Snake:3  | Reached XP level 17. HP: 70/98 MP: 17/17
 23481 | Snake:4  | Entered Level 4 of the Snake Pit
 23522 | Snake:4  | Reached skill level 13 in Shields
 23539 | Snake:4  | Received a gift from Trog
 24123 | Snake:4  | Noticed Vashnia
 24222 | Snake:4  | Reached skill level 14 in Shields
 24373 | Snake:4  | Killed Vashnia
 24684 | Snake:4  | Reached skill level 15 in Shields
 24778 | Snake:4  | Gained mutation: You are weak. (Str -2) [mutagenic meat]
 24785 | Snake:4  | Received a gift from Trog
 24843 | Snake:4  | Got a slimy long sword {god gift}
 24844 | Snake:4  | Identified the +8 long sword "Wuachek" {freeze, *Noise rN+ Str+2} (Trog gifted it to you on level 4 of the Snake Pit)
 25274 | Snake:4  | Reached skill level 16 in Shields
 25558 | Snake:4  | Got a serpentine rune of Zot
 25659 | Snake:4  | Reached XP level 18. HP: 86/104 MP: 18/18
 25661 | Snake:4  | Lost mutation: You are frail. (-10% HP) [potion of cure mutation]
 25661 | Snake:4  | Lost mutation: Scrolls take you a little longer to read. [potion of cure mutation]
 25944 | Shoals:1 | Entered Level 1 of the Shoals
 25973 | Shoals:1 | Reached skill level 17 in Shields
 26430 | Shoals:2 | Received a gift from Trog
 26603 | Shoals:3 | Found Soehyco's Armour Shoppe.
 26787 | Shoals:4 | Entered Level 4 of the Shoals
 26825 | Shoals:4 | Received a gift from Trog
 26948 | Shoals:4 | Reached skill level 18 in Shields
 27036 | Shoals:4 | Got a barnacled rune of Zot
 27221 | Shoals:4 | Identified the ring of Biagek {rCorr rF+} (You found it on level 4 of the Shoals)
 27442 | Shoals:4 | Noticed Ilsuiw
 27530 | Shoals:4 | Reached skill level 19 in Shields
 27686 | Shoals:4 | Noticed Louise
 27724 | Shoals:4 | Killed Louise
 27876 | Shoals:4 | Received a gift from Trog
 27984 | Shoals:4 | Reached XP level 19. HP: 111/120 MP: 19/19
 28321 | Shoals:4 | HP: 2/120 [drowned by a water elemental[Ilsuiw] (12)]
 28323 | Shoals:4 | Slain by a water elemental

Vault maps used:
D:1:      roderic_octagonal_star
D:2:      minmay_kobold_bridge, makhleb_blood_cavern_becter,
          trog_butcher_becter, uniq_robin
D:3:      kennysheep_slug_shrine, gammafunk_temple_overflow_pools
D:4:      kiku_gazebo_garden_becter, first_bread, minmay_misc_feat_five,
          wad_floor_pattern_2, st_stairs_1, tgw_xom
D:5:      uniq_edmund, uniq_eustachio, uniq_pikel
D:6:      serial_shops, shop, serial_bayou_ford_a
D:7:      grunt_temple_overflow_gold_and_silver,
          lemuel_mausoleum_altar_yredelemnul, nicolae_overflow_hidden_temple,
          basic_altar, uniq_prince_ribbit1, uniq_duvessa
D:8:      serial_shops, nicolae_shop_crystal
D:9:      nicolae_ru_great_annihilating_truth
D:10:     minmay_smoke_and_mirrors
D:11:     erik_lair_dragon, david_orc_5
Lair:1:   grunt_megastairs_3, lemuel_fruit_fields, uniq_sonja
Lair:2:   beast_lair_carwin_10
Lair:3:   elwin_shoals_entry_stream, guppyfry_snake_entry_garden
Lair:4:   grunt_megastairs_1, lemuel_fruit_tree, uniq_josephine, uniq_nergalle,
          uniq_nessos
Lair:5:   grunt_megastairs_4, serial_bayou_shore_a, lemuel_fruit_fields,
          serial_bayou_shore_b
Lair:6:   evilmike_catoblepas_cave, slime_altar_1, minivault_26,
          serial_bayou_pond_e
Shoals:1: serial_shops, shop_fountains, nicolae_shoals_mertower, uniq_nikola
Shoals:3: nicolae_shoals_island_circles, serial_shops, shop,
          nicolae_shoals_hunting_party
Shoals:4: shoals_end_grunt_ice, shoal_ilsuiw, uniq_louise
Snake:1:  serial_shops, nicolae_shop_stone, uniq_azrael
Snake:2:  portal_ice_cave_entry_dragon, serial_shops, shop_fountains,
          hangedman_venom_bottle
Snake:3:  uniq_mara
Snake:4:  johnstein_snake_rune_scales
Orc:1:    serial_shops, shop
Orc:2:    grunt_orc_cross, serial_shops, nicolae_shop_behind_doors
IceCv:    ice_cave_statue_garden_chambered

Skill      XL: |  1  2  3  4  5  6  7  8  9 10 11 12 13 14 15 16 17 18 |
---------------+-------------------------------------------------------+-----
Fighting       | 3 4 5 6 8 |  8.0
Armour         | 3 4 5 6 9 12 14 15 16 | 16.0
Long Blades    | 4 5 6 7 11 14 | 14.0
Dodging        | 3 4 6 9 12 14 15 16 | 16.0
Shields        | 5 12 16 19 | 19.8

Action                   |  1- 3 |  4- 6 |  7- 9 | 10-12 | 13-15 | 16-18 | 19-21 || total
-------------------------+-------+-------+-------+-------+-------+-------+-------++-------
Melee: Falchion          |    95 |   271 |   557 |  1119 |     2 |       |       ||  2044
       Long sword        |       |       |       |   182 |       |       |       ||   182
       Demon blade       |       |       |       |    48 |  1534 |  2098 |   173 ||  3853
       Rapier            |       |       |       |       |   178 |       |       ||   178
       Unarmed           |       |       |       |       |    36 |       |       ||    36
Throw: Throwing net      |       |       |       |       |     2 |       |       ||     2
Invok: Berserk           |       |     1 |    12 |     9 |     7 |     8 |       ||    37
       Burn Spellbooks   |       |       |       |       |     1 |       |       ||     1
       Brothers in Arms  |       |       |       |       |       |       |     1 ||     1
 Abil: Evoke Flight      |       |       |       |       |       |       |     1 ||     1
Evoke: Wand              |       |       |       |       |       |     1 |       ||     1
  Use: Scroll            |       |     2 |     5 |    16 |    12 |    11 |       ||    46
       Potion            |       |       |       |     3 |     4 |    10 |     6 ||    23
 Stab: Sleeping          |     1 |       |       |       |       |       |       ||     1
       Paralysed         |       |       |       |     2 |       |       |       ||     2
       Petrified         |       |       |       |       |     7 |       |       ||     7
       Invisible         |       |       |       |       |       |     7 |       ||     7
  Eat: Chunk             |       |     9 |    19 |    31 |    41 |    36 |     1 ||   137
       Bread ration      |       |       |     1 |       |       |       |       ||     1
       Royal jelly       |       |       |       |     1 |       |       |       ||     1
       Pizza             |       |       |       |       |       |     3 |       ||     3
       Meat ration       |       |       |       |       |       |     1 |       ||     1
       Fruit             |       |       |       |       |       |     1 |       ||     1
Armor: Animal skin       |     9 |       |       |       |       |       |       ||     9
       Ring mail         |    11 |    56 |    75 |       |       |       |       ||   142
       Plate armour      |       |       |    50 |   163 |       |       |       ||   213
       Ice dragon armour |       |       |       |   132 |   476 |   308 |    43 ||   959
Dodge: Dodged            |    53 |   176 |   259 |   504 |  1240 |  1226 |    98 ||  3556
Block: Buckler           |       |       |    96 |   285 |   559 |   238 |       ||  1178
       Shield            |       |       |       |       |       |   882 |   119 ||  1001
